 Dungeon Crawl Stone Soup version 0.25.0-10-g039870ee82 (webtiles) character file.

Game seed: 3084935344496052623

336 schauveau the Cudgeler (level 6, -9/40 HPs)
             Began as a Gargoyle Monk on June 22, 2020.
             Killed from afar by Maggie (18 damage)
             ... with a bolt of fire
             ... on level 6 of the Dungeon.
             The game lasted 00:08:05 (3065 turns).

schauveau the Cudgeler (Gargoyle Monk)              Turns: 3065, Time: 00:08:05

Health: -9/40      AC: 18    Str: 17    XL:     6   Next: 54%
Magic:  6/6        EV:  5    Int: 10    God:
Gold:   93         SH:  8    Dex: 12    Spells: 5/5 levels left

rFire    . . .     SeeInvis .   a - +0 morningstar
rCold    . . .     Gourm    .   q - +1 kite shield {AC+3}
rNeg     + . .     Faith    .   l - +0 chain mail
rPois    ∞         Spirit   .   (no helmet)
rElec    +         Reflect  .   f - +1 cloak
rCorr    .         Harm     .   (no gloves)
MR       .....                  (no boots)
Stlth    ..........             (no amulet)
HPRegen  0.13/turn              (no ring)
MPRegen  0.10/turn              (no ring)

@: mesmerised
A: negative energy resistance 1, electricity resistance, unbreathing,
petrification resistance, rot immunity, AC +4
a: no special abilities


You were on level 6 of the Dungeon.
You were not hungry.

You visited 1 branch of the dungeon, and saw 6 of its levels.

You collected 93 gold pieces.

Inventory:

Hand Weapons
 a - a +0 morningstar (weapon)
Missiles
 g - 20 poisoned darts (quivered)
Armour
 f - a +1 cloak (worn)
 l - a +0 chain mail (worn)
 q - a +1 kite shield of protection (worn)
Jewellery
 m - an uncursed ring of fire
Wands
 n - a wand of clouds (5)
Scrolls
 b - a scroll of fear
 d - 2 scrolls of blinking
 j - a scroll of remove curse
 k - a scroll of enchant armour {unknown}
 o - a scroll of teleportation {unknown}
Potions
 e - a potion of berserk rage
 p - a potion of stabbing {unknown}
Comestibles
 c - 6 rations


   Skills:
 + Level 4.8 Fighting
 * Level 5.4 Maces & Flails
 + Level 3.2 Armour
 - Level 2.4 Dodging
 - Level 2.1 Stealth


You had 5 spell levels left.
You didn't know any spells.
Your spell library was empty.

Dungeon Overview and Level Annotations

Branches:
Dungeon (6/15)
 Temple: D:4-7

Altars:
Fedhas
Nemelex Xobeh
Qazlal

Annotations:
D:5 2 transporters, windycow's ghost, amateur CeHu
D:6 Maggie


Innate Abilities, Weirdness & Mutations

You are resistant to torment.
Your stone body is resilient. (AC +4)
You are immune to poison.
You resist negative energy. (rN+)
You are resistant to electric shocks. (rElec)
You can survive without breathing.
You are immune to petrification.
You are immune to rotting.


Message History

You are too injured to fight recklessly!
You barely miss Maggie.
Maggie casts a spell.
Maggie draws you further into her thrall.
You sock Maggie!
Maggie is lightly wounded.
You block Maggie's attack.
You hit Maggie.
Maggie is lightly wounded.
You block Maggie's attack.
You hit Maggie but do no damage.
Maggie is lightly wounded.
Maggie points at you and mumbles some strange words.
The bolt of fire hits you!
* * * LOW HITPOINT WARNING * * *
You hit Maggie.
Maggie is moderately wounded.
Maggie points at you and mumbles some strange words.
The bolt of fire hits you!!
You die...

**,,,*,,,*#.#**,,,,,,,,,****
**,,,,,,*#.#####.#****,* *
***,,,,*#.......# *,****
**,***#.####### *,,,,, *,*
#.# *,***, ##### #.# *,* *,
#<..# #.# *,* *, ###.###@#
*,* *, #....@# *** *,
####### **


You could see Maggie (mesmerising).

Vanquished Creatures
  A howler monkey (D:4)
  2 hounds
  An orc wizard (D:4)
  Ijyb (D:5)
  2 worker ants (D:4)
  4 gnolls
  4 adders
  2 adder skeletons (D:4)
  2 leopard geckos
  6 orcs
  3 giant cockroaches
  A hobgoblin (D:2)
  7 jackals
  2 quokkas
  3 bats (D:2)
  3 frilled lizards
  4 goblins
  3 kobolds
  2 rats
53 creatures vanquished.

Notes
Turn   | Place    | Note
-------+----------+-------------------------------------------
     0 | D:1      | schauveau the Gargoyle Monk began the quest for the Orb.
     0 | D:1      | Reached XP level 1. HP: 14/14 MP: 1/1
   147 | D:2      | Reached XP level 2. HP: 19/19 MP: 2/2
   192 | D:2      | Reached skill level 1 in Armour
   215 | D:2      | Reached XP level 3. HP: 21/23 MP: 3/3
   559 | D:4      | Reached skill level 4 in Maces & Flails
   559 | D:4      | Reached XP level 4. HP: 5/29 MP: 4/4
   943 | D:4      | Found a sparkling altar of Nemelex Xobeh.
   950 | D:5      | Entered Level 5 of the Dungeon
   951 | D:5      | Noticed a sky beast
  1024 | D:4      | Reached XP level 5. HP: 17/33 MP: 5/5
  1459 | D:4      | Reached skill level 5 in Maces & Flails
  1688 | D:5      | Found a transporter.
  1701 | D:5      | Noticed windycow's ghost (amateur CeHu)
  1714 | D:5      | Found a transporter.
  1874 | D:4      | Reached XP level 6. HP: 18/39 MP: 6/6
  2369 | D:5      | Noticed Ijyb
  2383 | D:5      | Killed Ijyb
  2747 | D:4      | Found a stormy altar of Qazlal.
  2928 | D:5      | Found a blossoming altar of Fedhas.
  3046 | D:6      | Noticed Maggie
  3065 | D:6      | Killed from afar by Maggie

Illustrated notes

Levels and vault maps discovered:
D:1:      psy_arrival_whirlpool, layout_basic
D:2:      layout_rooms, minmay_pentomino_u4
D:3:      layout_loops_ring, portal_sewer_entry_e, minmay_crystal_room
D:4:      layout_loops_cross, nemelex_xobeh_ov_fountains_minmay,
          serial_park_tiny_1, grunt_qazlal_clouds
D:5:      layout_basic, gammafunk_ghost_stat_death, first_ration,
          fedhas_altar_2, uniq_ijyb
D:6:      layout_basic, okawaru_ov_weapons_minmay, old_standard_altar,
          serial_shops, kennysheep_mini_moat, shop_statue,
          nicolae_shop_behind_doors, uniq_maggie, uniq_crazy_yiuf_cottage

Skill      XL: |  1  2  3  4  5  6 |
---------------+-------------------+-----
Armour         | 1 2 3 |  3.2
Maces & Flails | 4 5 |  5.4
Fighting       | 4 |  4.8
Dodging        | |  2.4
Stealth        | |  2.1

Action                   |  1- 3 |  4- 6 || total
-------------------------+-------+-------++-------
Melee: Mace              |    84 |    63 ||   147
       Flail             |       |   115 ||   115
       Morningstar       |       |    11 ||    11
  Use: Scroll            |       |     6 ||     6
 Stab: Sleeping          |     2 |     1 ||     3
       Confused          |       |     1 ||     1
  Eat: Chunk             |       |     7 ||     7
Armor: Robe              |    41 |    24 ||    65
       Leather armour    |       |     5 ||     5
       Chain mail        |       |   105 ||   105
Dodge: Dodged            |    79 |   112 ||   191
Block: Kite shield       |       |     5 ||     5
